 Dungeon Crawl Stone Soup version 0.28.0 (webtiles) character file.

Game seed: 9669047415408628671

76 stansietse the Conjurer (level 4, 32/33 HPs)
             Began as a Draconian Conjurer on Feb 10, 2022.
             Quit the game on level 3 of the Dungeon on Feb 14, 2022.
             The game lasted 00:18:17 (3044 turns).

stansietse the Conjurer (Draconian Conjurer)        Turns: 3044, Time: 00:18:18

Health: 32/33      AC:  5    Str: 10    XL:     4   Next: 12%
Magic:  1/7        EV: 12    Int: 20    God:
Gold:   111        SH:  0    Dex:  9    Spells: 3/8 levels left

rFire   . . .      SeeInvis .   d - +0 whip
rCold   . . .      Faith    .   (no shield)
rNeg    . . .      Spirit   .   (armour unavailable)
rPois   .          Reflect  .   (helmet restricted)
rElec   .          Harm     .   (no cloak)
rCorr   .          Rampage  .   (no gloves)
Will    .....                   (no boots)
Stlth   ++........              (no amulet)
HPRegen 0.11/turn               (no ring)
MPRegen 0.10/turn               (no ring)

@: no status effects
A: AC +5, unfitting armour, cold-blooded
a: no special abilities


You were on level 3 of the Dungeon.
You visited 1 branch of the dungeon, and saw 3 of its levels.

You collected 111 gold pieces.

Inventory:

Hand Weapons
 a - a +0 short sword
 c - a +0 short sword
 d - a +0 whip (weapon)
Armour
 b - a +0 ring mail
Wands
 f - a wand of flame (18)
Scrolls
 e - a scroll of identify {unknown}


   Skills:
 * Level 2.3 Dodging
 - Level 1.8 Stealth
 * Level 2.6 Spellcasting
 * Level 5.0 Conjurations
 + Level 0.1 Summonings


You had 3 spell levels left.
You knew the following spells:

 Your Spells              Type           Power      Damage    Failure   Level
a - Magic Dart            Conj           88%        1d7       1%          1
b - Searing Ray           Conj           44%        2d6       2%          2
c - Call Imp              Summ           3%         N/A       22%         2

Your spell library contained the following spells:

 Spells                   Type           Power      Damage    Failure   Level
 Dazzling Flash           Conj/Hex       24%        N/A       16%         3
 Mephitic Cloud           Conj/Pois/Air  9%         N/A       22%         3
 Gell's Gravitas          Tloc           2%         N/A       41%         3
 Teleport Other           Tloc           2%         N/A       41%         3
 Fulminant Prism          Conj/Hex       6%         3d7       45%         4
 Iskenderun's Mystic Bla  Conj/Tloc      12%        2d5       45%         4
 Dispersal                Tloc           1%         N/A       100%        6


Dungeon Overview and Level Annotations

Branches:
Dungeon (3/15)

Altars:


Innate Abilities, Weirdness & Mutations

Your plain brown scales are hard. (AC +5)
You cannot fit into any form of body armour.
You are cold-blooded and may be slowed by cold attacks.


Message History

The jackal is almost dead. (Press . to maintain the ray.)
Your shadow imp disappears in a puff of smoke!
The searing ray misses the jackal.
The searing ray hits the goblin!
You kill the goblin!
The searing ray hits the jackal.
You kill the jackal!
The magic dart hits the goblin.
The goblin is almost dead.
The magic dart hits the goblin.
You kill the goblin!
You are too depleted to draw on your mana recklessly!
A bat comes into view.
The bat closely misses you.
An orc comes into view. It is wielding a +0 flail.
The bat closely misses you.
Found a scroll labelled LUOKIA POQIS.
The bat misses you. The bat closely misses you.
The bat hits you but does no damage. The bat hits you.
Unknown command.
Welcome back, stansietse the Draconian Conjurer.
Press ? for a list of commands and other information.
Welcome back, stansietse the Draconian Conjurer.
Press ? for a list of commands and other information.
Unknown command.
You are a level 4 Draconian Conjurer.
You are 12% of the way to level 5.
Play time: 00:17:52 (3044 turns).
Zot will find you in 14954 turns if you stay in this branch and explore no new floors.
No item to drop.
Okay, then.
Save game and exit? [Y]es or [N]o only, please.
Save game and exit?
Okay, then.
Save game and exit?
Welcome back, stansietse the Draconian Conjurer.
Press ? for a list of commands and other information.
Unknown command.
Unknown command.
Are you sure you want to abandon this character and quit the game? (Confirm with "yes".)

## #.# g. ##.## g# #...#
##.# #...###### #...
#........# #..#
#####...####.# #..#
#..##....b.......####<..
..?....@..g.......)..)..
...##............##<....
#####........##..###
#...#######..# #...#
#..# #...# #..# ##.##
#... #.o .... ##...


You could see a hobgoblin and a bat.

Vanquished Creatures
  3 adders
  A dart slug (D:1)
  5 ball pythons
  2 endoplasms (D:1)
  A giant cockroach (D:1)
  5 goblins
  6 hobgoblins
  3 jackals (D:3)
  2 quokkas (D:1)
  2 bats (D:1)
  2 frilled lizards
  5 kobolds
  7 rats
44 creatures vanquished.

Vanquished Creatures (collateral kills)
  A jackal (D:3)
1 creature vanquished.

Grand Total: 45 creatures vanquished

Notes
Turn   | Place    | Note
-------+----------+-------------------------------------------
     0 | D:1      | stansietse the Draconian Conjurer began the quest for the
                  | Orb.
     0 | D:1      | Reached XP level 1. HP: 14/14 MP: 3/3
   319 | D:1      | Reached XP level 2. HP: 20/20 MP: 1/5
  1061 | D:1      | HP: 1/20 [quokka (2)]
  1963 | D:1      | Reached XP level 3. HP: 4/26 MP: 0/6
  2398 | D:2      | Reached skill level 5 in Conjurations
  2552 | D:2      | Learned a level 2 spell: Searing Ray
  2842 | D:2      | Reached XP level 4. HP: 33/33 MP: 4/7
  2948 | D:2      | Learned a level 2 spell: Call Imp
  3044 | D:3      | Quit the game

Illustrated notes

Levels and vault maps discovered:
D:1:      sevenhm_arrival_forest_fort_small_3, layout_basic
D:2:      layout_rooms, chequers_mini_garden, chequers_serial_rivers_micro_a
D:3:      layout_loops_cross, uniq_terence, uniq_jessica, uniq_robin

Skill      XL: |  1  2  3 |
---------------+----------+-----
Dodging        | 2 |  2.3
Conjurations   | 5 |  5.0
Stealth        | |  1.8
Spellcasting   | |  2.6
Summonings     | |  0.1

Action                   |  1- 3 |  4- 6 || total
-------------------------+-------+-------++-------
Melee: Short sword       |    18 |       ||    18
       Tailslap          |     2 |       ||     2
       Whip              |     3 |       ||     3
 Cast: Magic Dart        |    81 |     2 ||    83
       Searing Ray       |     2 |     1 ||     3
       Call Imp          |       |     4 ||     4
  Use: Scroll            |     1 |       ||     1
Armor: Skin              |    13 |     1 ||    14
Dodge: Dodged            |    53 |     4 ||    57
